 Dungeon Crawl Stone Soup version 0.31.0-11-ge490571c62 (webtiles) character file.

Game seed: 15598390420326290267

1761 Fodor the Spear-Bearer (level 8, 0/70 HPs)
             Began as a Minotaur Fighter on Jan 24, 2024.
             Was an Initiate of Gozag.
             Slain by a two-headed ogre
             ... wielding a +2 giant club
              (16 damage)
             ... on level 6 of the Dungeon on Jan 26, 2024.
             The game lasted 00:30:48 (6058 turns).

Fodor the Spear-Bearer (Minotaur Fighter)           Turns: 6058, Time: 00:30:51

Health: 0/70       AC: 14    Str: 23    XL:     8   Next: 79%
Magic:  7/7        EV:  9    Int:  5    God:    Gozag
Gold:   593        SH:  0    Dex: 10    Spells: 7/7 levels left

rFire   . . .        q - +0 scythe
rCold   . . .        (shield currently unavailable)
rNeg    + . .        l - +0 chain mail
rPois   .            (helmet restricted)
rElec   .            (no cloak)
rCorr   .            (no gloves)
SInv    .            (no boots)
Will    .....        (no amulet) Stlth
                     g - ring of positive energy
HPRegen 0.31/turn    r - +4 ring of protection
MPRegen 0.10/turn

%: no passive effects
@: gold aura
A: horns 2, retaliatory headbutt
a: Renounce Religion, Potion Petition, Call Merchant, Bribe Branch


You were on level 6 of the Dungeon.
You worshipped Gozag.
Gozag was pleased with you.
You visited 1 branch of the dungeon, and saw 6 of its levels.

You collected 796 gold pieces.
You spent 138 gold pieces at shops.
You paid 65 gold pieces to Gozag.

Inventory:

Hand Weapons
 a - a +0 war axe
 q - a +0 scythe (weapon)
 B - a +0 orcbow
Armour
 c - a +0 buckler
 l - a +0 chain mail (worn)
Jewellery
 g - a ring of positive energy (left hand)
 r - a +4 ring of protection (right hand)
Wands
 y - a wand of iceblast (11)
Scrolls
 e - 3 scrolls of noise
 f - a scroll of vulnerability {unknown}
 h - 3 scrolls of torment {unknown}
 k - 3 scrolls of enchant weapon
 n - a scroll of poison {unknown}
 o - a scroll of revelation
 s - a scroll of blinking {unknown}
 t - 3 scrolls of immolation
 u - a scroll of teleportation {unknown}
 v - 2 scrolls of amnesia {unknown}
 w - a scroll of acquirement {unknown}
 z - a scroll of identify
 A - a scroll of fear {unknown}
Potions
 b - a potion of magic {unknown}
 d - a potion of lignification {unknown}
 i - 3 potions of curing
 j - a potion of heal wounds
 m - 2 potions of mutation {unknown}
 p - 2 potions of degeneration {unknown}
 x - a potion of experience {unknown}


   Skills:
 + Level 6.0 Fighting
 + Level 5.2(7.5) Axes
 + Level 8.5(9.2) Polearms
 + Level 7.4 Armour
 + Level 2.3 Dodging
 + Level 0.9 Stealth
 + Level 4.9 Shields


You had 7 spell levels left.
You didn't know any spells.
Your spell library contained the following spells:

 Spells                   Type           Power      Damage    Failure   Level
 Slow                     Hex            0%         N/A       95%         1
 Blink                    Tloc           0%         N/A       99%         2
 Lesser Beckoning         Tloc           0%         N/A       99%         2
 Momentum Strike          Conj/Tloc      0%         3d8       99%         2
 Confusing Touch          Hex            0%         N/A       100%        3
 Sigil of Binding         Hex            0%         N/A       100%        3
 Vampiric Draining        Necr           0%         2d6       100%        3


Dungeon Overview and Level Annotations

Branches:
Dungeon (6/15)             Temple (0/1) D:4

Altars:
Ashenzari
Elyvilon
Gozag
Makhleb
Uskayaw

Shops:
D:3 =(!*

Annotations:
D:5 2 runed translucent doors, Bediveer's ghost, novice DEHu
D:6 1 transporter, Hsik's ghost, amateur TrCA


Innate Abilities, Weirdness & Mutations

You have a pair of horns on your head.
You reflexively headbutt those who attack you in melee.


Message History

You headbutt the black bear!
The black bear claws you but does no damage. x2
You slash the black bear!
You kill the black bear!
You feel sick.
You feel sick.
You now have 585 gold pieces (gained 6).
You feel sick.
You feel sick.
You are no longer poisoned.
You now have 593 gold pieces (gained 8).
y - a wand of iceblast (11) (gained 10 charges)
You see here a +0 rapier.
The ogre shouts!
Hsik's ghost turns its malevolent gaze towards you.
You hear two shouts!
The two-headed ogre shouts in stereo!
Found an orcbow.
There is a transporter here.
You enter the transporter and appear at another place.
You see here a +0 orcbow.
B - a +0 orcbow You slash the ogre!
You headbutt the ogre.
The ogre is severely wounded.
The ogre misses you.
You hit the ogre.
You kill the ogre!
The two-headed ogre hits you with a +2 giant club!
The two-headed ogre hits you with the +5 giant club of Strategic Superiority {vamp, rC- Str-4 SInv Stlth+}!
Your Fighting skill increases to level 6!
You barely miss the ogre. The ogre closely misses you.
The two-headed ogre hits you with a +2 giant club!!
The two-headed ogre hits you but does no damage.
You puncture the ogre! Your headbutt misses the ogre.
The ogre is moderately wounded.
The ogre hits you with a +0 giant spiked club!
* * * LOW HITPOINT WARNING * * *
The two-headed ogre hits you with a +2 giant club!
You die...
Your body crumbles into a pile of gold.

###......
######......
#.#.#.......
#.......###.
########..#.......
#......#..#.#.##.#
#.#..#.#..#.#.#..#
#..##..#..........
#@O##O.#...##.....
#O#..#$#©.........
#W....!#........#.
#.#..#[#©.###...#.
#..##..#....#..###
#..##..#......####
#.#..#.#.........#
#.....©#.....#....
########......#.#.


You could see a two-headed ogre, an ogre and Hsik's ghost.

Vanquished Creatures
  Grinder (D:5)
  Sigmund (D:2)
  Eustachio (D:4)
  2 ice beasts (D:6)
  2 black bears (D:6)
  2 ogres
  Blork the orc (D:5)
  2 bullfrogs (D:6)
  A scorpion (D:6)
  2 howler monkeys
  A gnoll bouda (D:6)
  An orc priest (D:6)
  2 bombardier beetles
  A hound (D:3)
  Crazy Yiuf (D:2)
  A sleepcap (D:5)
  2 iguanas (D:5)
  2 adders
  3 gnolls (D:6)
  A shadow imp (D:6)
  A white imp (D:6)
  2 dart slugs (D:3)
  2 ribbon worms
  10 orcs
  8 endoplasms
  3 giant cockroaches
  10 goblins
  6 hobgoblins
  9 jackals
  6 kobolds
  3 quokkas
  8 ball pythons
  6 bats
  4 frilled lizards
  6 rats
114 creatures vanquished.

Notes
Turn   | Place    | Note
-------+----------+-------------------------------------------
     0 | D:1      | Fodor the Minotaur Fighter began the quest for the Orb.
     0 | D:1      | Reached XP level 1. HP: 19/19 MP: 0/0
    75 | D:1      | Reached XP level 2. HP: 24/27 MP: 1/1
   953 | D:1      | Reached XP level 3. HP: 33/33 MP: 2/2
  1256 | D:2      | You fall into a shaft and drop 2 floors!
  1495 | D:2      | Noticed Sigmund
  1509 | D:2      | Killed Sigmund
  1510 | D:2      | Reached XP level 4. HP: 31/41 MP: 3/3
  1510 | D:2      | Reached XP level 5. HP: 36/47 MP: 4/4
  1689 | D:2      | Found an opulent altar of Gozag.
  1698 | D:2      | Became a worshipper of Gozag Ym Sagoz the Greedy
  1930 | D:2      | Found a runed translucent door.
  1931 | D:2      | Noticed Crazy Yiuf
  1940 | D:2      | Killed Crazy Yiuf
  2032 | D:3      | Reached skill level 5 in Armour
  2159 | D:3      | Found Zagh's General Store.
  2177 | D:3      | Bought a scroll of identify for 26 gold pieces
  2201 | D:3      | Reached skill level 5 in Axes
  2201 | D:3      | Reached XP level 6. HP: 51/53 MP: 5/5
  2234 | D:3      | Reached skill level 1 in Polearms
  2371 | D:3      | Found Rotrylul's Jewellery Shoppe.
  2430 | D:3      | Reached skill level 1 in Dodging
  2604 | D:3      | Found Buneas's Weapon Emporium.
  3317 | D:3      | Found Fooqot's Distillery.
  3323 | D:3      | Bought a potion of heal wounds for 70 gold pieces
  3323 | D:3      | Bought a potion of curing for 42 gold pieces
  3323 | D:3      | Upgraded the game from 0.31.0-9-g3a7656b989 to
                  | 0.31.0-11-ge490571c62
  3885 | D:3      | Found a burning altar of Makhleb.
  3899 | D:3      | Found a hide-covered altar of Uskayaw.
  4209 | D:4      | Found a staircase to the Ecumenical Temple.
  4235 | D:4      | Reached skill level 2 in Polearms
  4295 | D:4      | Noticed Eustachio
  4317 | D:4      | Killed Eustachio
  4318 | D:4      | Reached skill level 3 in Polearms
  4318 | D:4      | Reached XP level 7. HP: 39/60 MP: 6/6
  4533 | D:4      | Reached skill level 4 in Polearms
  4864 | D:5      | Entered Level 5 of the Dungeon
  4949 | D:5      | Noticed Blork the orc
  4950 | D:5      | Noticed Grinder
  4959 | D:5      | HP: 2/60 [Blork the orc/+0 glaive (6)]
  4966 | D:5      | Killed Blork the orc
  4967 | D:5      | Reached skill level 5 in Polearms
  4969 | D:5      | Paralysed by Grinder for 3 turns
  4977 | D:5      | Killed Grinder
  4978 | D:5      | Reached skill level 5 in Fighting
  4978 | D:5      | Reached skill level 6 in Polearms
  5141 | D:5      | Found a large runed translucent door.
  5142 | D:5      | Found a large runed translucent door.
  5145 | D:5      | Noticed Bediveer's ghost (novice DEHu)
  5156 | D:5      | Found a broken altar of Ashenzari.
  5171 | D:5      | Reached XP level 8. HP: 68/68 MP: 7/7
  5326 | D:5      | Found a white marble altar of Elyvilon.
  5605 | D:6      | Reached skill level 7 in Polearms
  5630 | D:6      | Found a transporter.
  5634 | D:6      | Noticed Hsik's ghost (amateur TrCA)
  5636 | D:6      | Identified the +5 giant club of Strategic Superiority
                  | {vamp, rC- Str-4 SInv Stlth+}
  5636 | D:6      | Noticed a two-headed ogre
  5656 | D:6      | Found a transporter.
  5809 | D:6      | Reached skill level 8 in Polearms
  6058 | D:6      | Slain by a two-headed ogre

Illustrated notes

Levels and vault maps discovered:
D:1:      nicolae_arrival_memento_mori, layout_basic
D:2:      layout_loops_ring, basic_altar, uniq_crazy_yiuf_cottage, uniq_sigmund
D:3:      minmay_wonky_spiral, layout_basic, minitemple, serial_shops, shop,
          shop, nicolae_shop_stone, nicolae_shop_advertising_works
          [nicolae_subvault_shop_adworks], grunt_ministairs_4
D:4:      layout_basic, minmay_temple_entry_statues, uniq_eustachio
D:5:      layout_rooms, kennysheep_mini_moat, mainiacjoe_overflow_chevrons,
          ebering_ghost_disaster_area, uniq_blork_the_orc, uniq_grinder
D:6:      black_bear_nest_2, layout_cave_pools, gammafunk_ghost_smash

Skill      XL: |  1  2  3  4  5  6  7  8 |
---------------+-------------------------+-----
Armour         | 4 5 6 7 |  7.4
Shields        | 4 |  4.9
Fighting       | 4 5 6 |  6.0
Axes           | 4 5 |  5.2
Polearms       | 3 6 8 |  8.5
Dodging        | 1 2 |  2.3
Stealth        | |  0.9

Action                     |  1- 3 |  4- 6 |  7- 9 || total
---------------------------+-------+-------+-------++-------
  Melee: War axe           |    70 |     8 |       ||    78
         Headbutt          |     7 |    14 |    19 ||    40
         Halberd           |       |   116 |   116 ||   232
    Use: Potion            |     1 |       |     2 ||     3
         Scroll            |       |     2 |     2 ||     4
 Armour: Scale mail        |    44 |       |       ||    44
         Chain mail        |       |   118 |   138 ||   256
  Dodge: Dodged            |    36 |    58 |    70 ||   164
  Block: Buckler           |    18 |     2 |       ||    20
